 Dungeon Crawl Stone Soup version 0.21.0-37-g46506fa (webtiles) character file.

3982 tidbits the Magician (level 10, 77/77 HPs)
             Began as a Gnoll Skald on Jan 30, 2018.
             Was a Believer of Cheibriados.
             Quit the game in a labyrinth.
             The game lasted 00:35:16 (2905 turns).

tidbits the Magician (Gnoll Skald)                  Turns: 2905, Time: 00:35:17

Health: 77/77      AC:  8    Str: 18    XL:     10   Next: 22%
Magic:  20/20      EV: 18    Int: 22    God:    Cheibriados [**....]
Gold:   155        SH:  0    Dex: 23    Spells: 10/23 levels left

rFire    . . .     SeeInvis .   d - +4 dagger "Goetopir" {pierce, Dex+4}
rCold    . . .     Gourm    .   (no shield)
rNeg     . . .     Faith    .   B - +0 troll leather armour
rPois    .         Spirit   .   E - +1 helmet
rElec    .         Reflect  .   D - scarf {cloud immunity}
rCorr    .         Harm     .   G - +0 pair of gloves
MR       +....                  (no boots)
Stlth    +++.......             o - amulet of regeneration
HPRegen  1.02/turn              H - ring of protection from magic
MPRegen  0.17/turn              (no ring)

@: very slow
A: distributed training, fangs 1, strong nose
a: Bend Time, Renounce Religion


You were in a labyrinth.
You worshipped Cheibriados.
Cheibriados was pleased with you.
You were not hungry.

You visited 2 branches of the dungeon, and saw 12 of its levels.
You also visited: Labyrinth, Sewer and Ossuary.

You collected 347 gold pieces.
You spent 192 gold pieces at shops.

Inventory:

Hand Weapons
 a - a +0 hand axe
 d - the +4 dagger "Goetopir" (weapon) {pierce, Dex+4}
   (You found it on level 4 of the Dungeon)

   It inflicts extra damage upon your enemies.
   It affects your dexterity (+4).
 g - a +0 blowgun
 j - a +0 dagger of draining
   (You took it off a goblin on level 1 of the Dungeon)
 J - a +0 trident
Missiles
 h - 22 sling bullets
 p - 97 arrows
 s - 19 tomahawks (quivered)
 t - 2 curare-tipped needles
 A - 2 throwing nets {!f}
 C - 47 stones
Armour
 B - a +0 troll leather armour (worn)
 D - a scarf of cloud immunity (worn)
   (You found it on level 8 of the Dungeon)
 E - a +1 helmet (worn)
 G - a +0 pair of gloves (worn)
 L - a +0 leather armour
Jewellery
 o - an amulet of regeneration (around neck)
   (You found it on level 2 of the Dungeon)
 H - a ring of protection from magic (left hand)
   (You found it on level 5 of the Dungeon)
Wands
 l - a wand of scattershot (1)
 I - a wand of enslavement (12)
 K - a wand of polymorph (11)
Scrolls
 b - a scroll of magic mapping
 i - 3 scrolls of identify
 m - 3 scrolls of amnesia
 q - a scroll of enchant weapon
 r - 4 scrolls of remove curse
 w - a scroll of immolation
 y - a scroll of noise
 O - a scroll of fear
Potions
 f - 7 potions of curing
 k - 4 potions of flight
 u - 2 potions of lignification
 v - 3 potions of resistance
 x - 4 potions of heal wounds
 z - 2 potions of ambrosia
 M - a potion of berserk rage
 N - a potion of might
Books
 e - a book of Battle

   Spells                             Type                      Level
   a - Infusion                       Charms                       1
   b - Shroud of Golubria             Charms/Translocation         2
   c - Song of Slaying                Charms                       2
   d - Spectral Weapon                Hexes/Charms                 3
   e - Regeneration                   Charms/Necromancy            3
Comestibles
 c - 13 rations


   Skills:
 + Level 6.8 Fighting
 + Level 5.0 Short Blades
 + Level 5.0 Long Blades
 + Level 6.8 Axes
 + Level 5.0 Maces & Flails
 + Level 5.0 Polearms
 + Level 5.0 Staves
 + Level 5.0 Slings
 + Level 5.0 Bows
 + Level 5.0 Crossbows
 + Level 5.0 Throwing
 + Level 5.6 Armour
 + Level 6.8 Dodging
 + Level 5.0 Stealth
 + Level 5.0 Shields
 + Level 5.0 Unarmed Combat
 + Level 7.1 Spellcasting
 + Level 4.1 Conjurations
 + Level 4.1 Hexes
 + Level 6.9 Charms
 + Level 4.1 Summonings
 + Level 4.1 Necromancy
 + Level 4.1 Translocations
 + Level 4.1 Transmutations
 + Level 4.1 Fire Magic
 + Level 4.1 Ice Magic
 + Level 4.1 Air Magic
 + Level 4.1 Earth Magic
 + Level 4.1 Poison Magic
 + Level 5.4 Invocations
 + Level 5.0 Evocations


You had 10 spell levels left.
You knew the following spells:

 Your Spells              Type           Power        Failure   Level  Hunger
g - Shroud of Golubria    Chrm/Tloc      ####......   1%          2    None
i - Infusion              Chrm           ####         1%          1    None
n - Animate Skeleton      Necr           N/A          1%          1    None
r - Regeneration          Chrm/Necr      ####......   2%          3    None
w - Spectral Weapon       Hex/Chrm       ####....     2%          3    None
y - Song of Slaying       Chrm           #####...     1%          2    None
A - Apportation           Tloc           ####..       1%          1    None


Dungeon Overview and Level Annotations

Branches:
Dungeon (11/15)            Temple (1/1) D:6             Orc (0/2) D:10
   Lair: D:8-11

Altars:
Ashenzari
Cheibriados
Dithmenos
Elyvilon
Fedhas
Gozag
Hepliaklqana
Kikubaaqudgha
Nemelex Xobeh
Okawaru
Qazlal
Ru
Sif Muna
Trog
Uskayaw
Vehumet
Wu Jian
Xom
Yredelemnul
Zin
The Shining One

Shops:
D:10 ?


Innate Abilities, Weirdness & Mutations

Your experience applies equally to all skills.
You have very sharp teeth.
Your uncanny sense of smell can sniff out nearby items.


Message History

The basilisk is lightly wounded.
Your spectral weapon closely misses the basilisk.
The basilisk closely misses you.
You hit the basilisk.
The basilisk is lightly wounded.
Your spectral weapon barely misses the basilisk.
The basilisk gazes at you.
You are slowing down.
The floor suddenly vibrates beneath you!
Casting: Spectral Weapon
Confirm with . or Enter, or press ? or * to list all spells.
Space distorts slightly along a thin shroud covering your body.
The basilisk gazes at you. You resist with almost no effort.
Your limbs are stiffening.
Okay, then.
Okay, then.
You completely miss the basilisk.
The basilisk is lightly wounded.
Your spectral weapon hits the basilisk.
The basilisk gazes at you.
Your limbs have turned to stone.
Your shroud bends the basilisk's attack away.
You have turned to stone.
The basilisk bites you.
Your shroud bends the basilisk's attack away.
The basilisk bites you but does no damage.
Your shroud bends the basilisk's attack away.
Your shroud bends the basilisk's attack away!
The basilisk gazes at you. You resist with almost no effort.
The basilisk bites you.
You turn to flesh and can move again.
Unknown command.
You barely miss the basilisk.
You punch the basilisk, but do no damage.
The basilisk is moderately wounded.
Your spectral weapon fades away.
Casting: Shroud of Golubria
Confirm with . or Enter, or press ? or * to list all spells.
You draw out your weapon's spirit!
The basilisk gazes at you. You resist with almost no effort.
You hit the basilisk.
The basilisk is heavily wounded.
Your spectral weapon hits the basilisk.
The basilisk gazes at you. You resist with almost no effort.
You closely miss the basilisk.
The basilisk is severely wounded.
Your spectral weapon closely misses the basilisk.
The basilisk misses you.
You hit the basilisk.
The basilisk is almost dead.
Your spectral weapon hits the basilisk.
You kill the basilisk!
Cheibriados thoroughly appreciates the change of pace.
Your Short Blades skill increases to level 5!
Your Long Blades skill increases to level 5!
Your Maces & Flails skill increases to level 5!
Your Polearms skill increases to level 5!
Your Staves skill increases to level 5!
Your Slings skill increases to level 5!
Your Bows skill increases to level 5!
Your Crossbows skill increases to level 5!
Your Throwing skill increases to level 5!
Your Stealth skill increases to level 5!
Your Shields skill increases to level 5!
Your Unarmed Combat skill increases to level 5!
Your Evocations skill increases to level 5!
Casting: Spectral Weapon
Confirm with . or Enter, or press ? or * to list all spells.
Your skin crawls.
You swap places.
You see here a basilisk corpse.
You see here a scroll of identify.
Unknown command.
Okay, then.
Unknown command.
i - 3 scrolls of identify (gained 1) Wear which item? (? for menu, Esc to quit)
You start putting on your armour.
You continue putting on your helmet. x4
You finish putting on your +0 helmet.
Adjust (i)tems, (s)pells, or (a)bilities?
Adjust which item? (? for menu, Esc to quit)
N - a +0 helmet (worn)
Adjust to which letter? (? for menu, Esc to quit)
E - a +0 helmet (worn);
N - a potion of might
As you read the scroll of enchant armour, it crumbles to dust.
Your +0 helmet glows green for a moment.
Found an iron wand.
Your skin is crawling a little less now.
You see here a wand of random effects (33).
You swap places.
Your skin stops crawling.
Your shroud begins to fray at the edges.
Your shroud unravels.
Your spectral weapon fades away.
You see here a basilisk corpse.
You hear the creaking of ancient gears!
You feel a sudden draft!
Are you sure you want to abandon this character and quit the game? (Confirm with "yes".)

▓.###.##
## ##
▓.#.#.
.# ▓.#.#
## ▓...#
. ▓##.#
▓.#.#
▓.#.# #
▓...#
▓@### .
▓.# #
▓##


There were no monsters in sight!

Vanquished Creatures
  An ugly thing (D:10)
  An orc warrior (D:10)
  A hornet (D:8)
  A minotaur skeleton (Lab)
  A hippogriff (D:10)
  4 yaks (D:10)
  2 wyverns
  A basilisk (Lab)
  Duvessa (D:7)
  An ice beast (D:6)
  2 ogres
  2 centaurs
  Dowan (D:7)
  2 scorpions
  2 howler monkeys
  2 crimson imps
  A bullfrog zombie (D:5)
  2 orc priests
  A bullfrog skeleton (D:6)
  2 hounds (D:5)
  An iguana (D:7)
  5 orc wizards
  6 worker ants
  4 mummies (Ossuary)
  2 worker ant zombies
  A howler monkey skeleton (D:6)
  7 adders
  A gnoll (D:4)
  A river rat (D:5)
  A shadow imp (D:10)
  An ooze (D:6)
  An adder skeleton (D:6)
  2 worms (D:5)
  4 leopard geckos
  11 orcs
  2 giant cockroaches
  5 goblins
  A hobgoblin (D:1)
  A quokka (D:7)
  2 ball pythons
  2 bats (D:1)
  2 frilled lizards
  8 kobolds
  2 rats (D:1)
104 creatures vanquished.

Vanquished Creatures (collateral kills)
  A gargoyle (D:10)
  A troll (D:10)
  An orc wizard (D:10)
  An orc priest (D:10)
  An iguana (D:10)
  3 orcs
8 creatures vanquished.

Vanquished Creatures (others)
  A hornet (D:10)
  A spectral weapon (Lab)
2 creatures vanquished.

Grand Total: 114 creatures vanquished

Notes
Turn   | Place    | Note
-------+----------+-------------------------------------------
     0 | D:1      | tidbits the Gnoll Skald began the quest for the Orb.
     0 | D:1      | Reached XP level 1. HP: 20/20 MP: 6/6
    49 | D:2      | Found a blossoming altar of Fedhas.
   207 | D:1      | Reached XP level 2. HP: 26/26 MP: 1/7
   218 | D:1      | Learned a level 2 spell: Song of Slaying
   221 | D:1      | Learned a level 2 spell: Shroud of Golubria
   432 | D:3      | Found a bloodstained altar of Trog.
   474 | D:4      | Got a crystal dagger
   475 | D:4      | Identified the +4 dagger "Goetopir" {pierce, Dex+4} (You found it on level 4 of the Dungeon)
   527 | D:5      | Entered Level 5 of the Dungeon
   527 | D:5      | Found a sand-covered staircase.
   536 | D:5      | Reached skill level 5 in Spellcasting
   536 | D:5      | Reached skill level 1 in Invocations
   536 | D:5      | Reached XP level 3. HP: 23/31 MP: 0/9
   543 | D:5      | Reached skill level 1 in Short Blades
   543 | D:5      | Reached skill level 1 in Long Blades
   543 | D:5      | Reached skill level 1 in Maces & Flails
   543 | D:5      | Reached skill level 1 in Polearms
   543 | D:5      | Reached skill level 1 in Staves
   543 | D:5      | Reached skill level 1 in Slings
   543 | D:5      | Reached skill level 1 in Bows
   543 | D:5      | Reached skill level 1 in Crossbows
   543 | D:5      | Reached skill level 1 in Throwing
   543 | D:5      | Reached skill level 1 in Stealth
   543 | D:5      | Reached skill level 1 in Shields
   543 | D:5      | Reached skill level 1 in Unarmed Combat
   543 | D:5      | Reached skill level 1 in Evocations
   543 | D:5      | Reached XP level 4. HP: 20/38 MP: 0/11
   546 | D:5      | Found a deep blue altar of Sif Muna.
   556 | D:5      | Reached skill level 1 in Conjurations
   556 | D:5      | Reached skill level 1 in Hexes
   556 | D:5      | Reached skill level 1 in Summonings
   556 | D:5      | Reached skill level 1 in Necromancy
   556 | D:5      | Reached skill level 1 in Translocations
   556 | D:5      | Reached skill level 1 in Transmutations
   556 | D:5      | Reached skill level 1 in Fire Magic
   556 | D:5      | Reached skill level 1 in Ice Magic
   556 | D:5      | Reached skill level 1 in Air Magic
   556 | D:5      | Reached skill level 1 in Earth Magic
   556 | D:5      | Reached skill level 1 in Poison Magic
   582 | D:5      | Reached XP level 5. HP: 16/43 MP: 1/12
   587 | D:5      | Noticed a centaur
   595 | D:5      | Reached skill level 3 in Armour
   653 | D:4      | Learned a level 3 spell: Regeneration
   657 | D:4      | Learned a level 3 spell: Spectral Weapon
   685 | D:4      | Reached skill level 2 in Invocations
   685 | D:4      | Reached XP level 6. HP: 46/50 MP: 3/13
   832 | Ossuary  | Entered an ossuary
   885 | Ossuary  | Reached skill level 5 in Fighting
   885 | Ossuary  | Reached skill level 5 in Axes
   885 | Ossuary  | Reached skill level 5 in Dodging
   890 | Ossuary  | Reached skill level 2 in Short Blades
   890 | Ossuary  | Reached skill level 2 in Long Blades
   890 | Ossuary  | Reached skill level 2 in Maces & Flails
   890 | Ossuary  | Reached skill level 2 in Polearms
   890 | Ossuary  | Reached skill level 2 in Staves
   890 | Ossuary  | Reached skill level 2 in Slings
   890 | Ossuary  | Reached skill level 2 in Bows
   890 | Ossuary  | Reached skill level 2 in Crossbows
   890 | Ossuary  | Reached skill level 2 in Throwing
   890 | Ossuary  | Reached skill level 2 in Stealth
   890 | Ossuary  | Reached skill level 2 in Shields
   890 | Ossuary  | Reached skill level 2 in Unarmed Combat
   890 | Ossuary  | Reached skill level 2 in Evocations
  1068 | D:5      | Learned a level 1 spell: Animate Skeleton
  1070 | D:5      | Learned a level 1 spell: Apportation
  1095 | D:5      | Reached XP level 7. HP: 38/56 MP: 13/15
  1169 | D:5      | Found a glowing drain.
  1184 | Sewer    | Entered a sewer
  1325 | D:6      | Reached skill level 2 in Conjurations
  1325 | D:6      | Reached skill level 2 in Hexes
  1325 | D:6      | Reached skill level 2 in Summonings
  1325 | D:6      | Reached skill level 2 in Necromancy
  1325 | D:6      | Reached skill level 2 in Translocations
  1325 | D:6      | Reached skill level 2 in Transmutations
  1325 | D:6      | Reached skill level 2 in Fire Magic
  1325 | D:6      | Reached skill level 2 in Ice Magic
  1325 | D:6      | Reached skill level 2 in Air Magic
  1325 | D:6      | Reached skill level 2 in Earth Magic
  1325 | D:6      | Reached skill level 2 in Poison Magic
  1426 | D:6      | Reached skill level 3 in Invocations
  1434 | D:6      | Found a staircase to the Ecumenical Temple.
  1451 | Temple   | Entered the Ecumenical Temple
  1543 | D:6      | Noticed a wyvern
  1618 | D:5      | Found a snail-covered altar of Cheibriados.
  1618 | D:5      | Found a glowing silver altar of Zin.
  1622 | D:5      | Became a worshipper of Cheibriados the Contemplative
  1671 | D:6      | Reached skill level 6 in Charms
  1671 | D:6      | Reached XP level 8. HP: 63/63 MP: 16/16
  1682 | D:6      | Reached skill level 4 in Armour
  1698 | D:6      | Killed a wyvern
  1698 | D:6      | Reached skill level 3 in Short Blades
  1698 | D:6      | Reached skill level 3 in Long Blades
  1698 | D:6      | Reached skill level 3 in Maces & Flails
  1698 | D:6      | Reached skill level 3 in Polearms
  1698 | D:6      | Reached skill level 3 in Staves
  1698 | D:6      | Reached skill level 3 in Slings
  1698 | D:6      | Reached skill level 3 in Bows
  1698 | D:6      | Reached skill level 3 in Crossbows
  1698 | D:6      | Reached skill level 3 in Throwing
  1698 | D:6      | Reached skill level 3 in Stealth
  1698 | D:6      | Reached skill level 3 in Shields
  1698 | D:6      | Reached skill level 3 in Unarmed Combat
  1698 | D:6      | Reached skill level 3 in Evocations
  1760 | D:7      | Reached skill level 6 in Spellcasting
  1825 | D:7      | Noticed Dowan
  1840 | D:7      | Noticed Duvessa
  1841 | D:7      | Killed Duvessa
  1849 | D:7      | Killed Dowan
  1849 | D:7      | Reached * piety under Cheibriados
  1895 | D:8      | Noticed a hornet
  1898 | D:8      | Killed a hornet
  1898 | D:8      | Reached skill level 3 in Conjurations
  1898 | D:8      | Reached skill level 3 in Hexes
  1898 | D:8      | Reached skill level 3 in Summonings
  1898 | D:8      | Reached skill level 3 in Necromancy
  1898 | D:8      | Reached skill level 3 in Translocations
  1898 | D:8      | Reached skill level 3 in Transmutations
  1898 | D:8      | Reached skill level 3 in Fire Magic
  1898 | D:8      | Reached skill level 3 in Ice Magic
  1898 | D:8      | Reached skill level 3 in Air Magic
  1898 | D:8      | Reached skill level 3 in Earth Magic
  1898 | D:8      | Reached skill level 3 in Poison Magic
  1898 | D:8      | Reached skill level 4 in Invocations
  1954 | D:7      | Found a basalt altar of Yredelemnul.
  1962 | D:7      | Reached skill level 6 in Fighting
  1962 | D:7      | Reached skill level 6 in Axes
  1962 | D:7      | Reached skill level 6 in Dodging
  1962 | D:7      | Reached XP level 9. HP: 69/69 MP: 14/18
  2088 | D:10     | Entered Level 10 of the Dungeon
  2088 | D:10     | Noticed a hornet
  2094 | D:10     | Noticed a gargoyle
  2106 | D:10     | Noticed a troll
  2109 | D:10     | Killed a gargoyle
  2112 | D:10     | Killed a troll
  2112 | D:10     | Reached skill level 4 in Short Blades
  2112 | D:10     | Reached skill level 4 in Long Blades
  2112 | D:10     | Reached skill level 4 in Maces & Flails
  2112 | D:10     | Reached skill level 4 in Polearms
  2112 | D:10     | Reached skill level 4 in Staves
  2112 | D:10     | Reached skill level 4 in Slings
  2112 | D:10     | Reached skill level 4 in Bows
  2112 | D:10     | Reached skill level 4 in Crossbows
  2112 | D:10     | Reached skill level 4 in Throwing
  2112 | D:10     | Reached skill level 4 in Stealth
  2112 | D:10     | Reached skill level 4 in Shields
  2112 | D:10     | Reached skill level 4 in Unarmed Combat
  2112 | D:10     | Reached skill level 4 in Evocations
  2115 | D:10     | Found a staircase to the Orcish Mines.
  2149 | D:10     | Reached skill level 5 in Armour
  2208 | D:10     | Found Deonov's Magic Scroll Boutique.
  2211 | D:10     | Reached ** piety under Cheibriados
  2226 | D:10     | Noticed a brown ugly thing
  2227 | D:10     | Bought a scroll of identify for 32 gold pieces
  2227 | D:10     | Bought a scroll of identify for 32 gold pieces
  2227 | D:10     | Bought a scroll of identify for 32 gold pieces
  2227 | D:10     | Bought a scroll of identify for 32 gold pieces
  2227 | D:10     | Bought a scroll of identify for 32 gold pieces
  2227 | D:10     | Bought a scroll of identify for 32 gold pieces
  2273 | D:10     | Reached skill level 5 in Invocations
  2283 | D:10     | Reached XP level 10. HP: 77/77 MP: 11/20
  2307 | D:10     | Killed a purple ugly thing
  2307 | D:10     | Reached skill level 7 in Spellcasting
  2307 | D:10     | Reached skill level 4 in Conjurations
  2307 | D:10     | Reached skill level 4 in Hexes
  2307 | D:10     | Reached skill level 4 in Summonings
  2307 | D:10     | Reached skill level 4 in Necromancy
  2307 | D:10     | Reached skill level 4 in Translocations
  2307 | D:10     | Reached skill level 4 in Transmutations
  2307 | D:10     | Reached skill level 4 in Fire Magic
  2307 | D:10     | Reached skill level 4 in Ice Magic
  2307 | D:10     | Reached skill level 4 in Air Magic
  2307 | D:10     | Reached skill level 4 in Earth Magic
  2307 | D:10     | Reached skill level 4 in Poison Magic
  2336 | D:11     | Found a labyrinth entrance.
  2341 | D:11     | Noticed a green ugly thing
  2343 | Lab      | Entered a labyrinth
  2609 | Lab      | Reached skill level 5 in Short Blades
  2609 | Lab      | Reached skill level 5 in Long Blades
  2609 | Lab      | Reached skill level 5 in Maces & Flails
  2609 | Lab      | Reached skill level 5 in Polearms
  2609 | Lab      | Reached skill level 5 in Staves
  2609 | Lab      | Reached skill level 5 in Slings
  2609 | Lab      | Reached skill level 5 in Bows
  2609 | Lab      | Reached skill level 5 in Crossbows
  2609 | Lab      | Reached skill level 5 in Throwing
  2609 | Lab      | Reached skill level 5 in Stealth
  2609 | Lab      | Reached skill level 5 in Shields
  2609 | Lab      | Reached skill level 5 in Unarmed Combat
  2609 | Lab      | Reached skill level 5 in Evocations
  2905 | Lab      | Quit the game

Skill      XL: |  1  2  3  4  5  6  7  8  9 10 |
---------------+-------------------------------+-----
Spellcasting   | 5 6 7 |  7.1
Invocations    | 1 2 3 4 5 |  5.4
Short Blades   | 1 2 3 4 5 |  5.0
Long Blades    | 1 2 3 4 5 |  5.0
Maces & Flails | 1 2 3 4 5 |  5.0
Polearms       | 1 2 3 4 5 |  5.0
Staves         | 1 2 3 4 5 |  5.0
Slings         | 1 2 3 4 5 |  5.0
Bows           | 1 2 3 4 5 |  5.0
Crossbows      | 1 2 3 4 5 |  5.0
Throwing       | 1 2 3 4 5 |  5.0
Stealth        | 1 2 3 4 5 |  5.0
Shields        | 1 2 3 4 5 |  5.0
Unarmed Combat | 1 2 3 4 5 |  5.0
Evocations     | 1 2 3 4 5 |  5.0
Conjurations   | 1 2 3 4 |  4.1
Hexes          | 1 2 3 4 |  4.1
Summonings     | 1 2 3 4 |  4.1
Necromancy     | 1 2 3 4 |  4.1
Translocations | 1 2 3 4 |  4.1
Transmutations | 1 2 3 4 |  4.1
Fire Magic     | 1 2 3 4 |  4.1
Ice Magic      | 1 2 3 4 |  4.1
Air Magic      | 1 2 3 4 |  4.1
Earth Magic    | 1 2 3 4 |  4.1
Poison Magic   | 1 2 3 4 |  4.1
Armour         | 3 4 5 |  5.6
Fighting       | 5 6 |  6.8
Axes           | 5 6 |  6.8
Dodging        | 5 6 |  6.8
Charms         | 6 |  6.9

Action                   |  1- 3 |  4- 6 |  7- 9 | 10-12 || total
-------------------------+-------+-------+-------+-------++-------
Melee: Hand axe          |    19 |       |    13 |       ||    32
       Dagger            |    19 |    92 |   159 |    13 ||   283
       Bite              |     4 |    11 |    23 |     1 ||    39
       Punch             |       |       |     5 |     2 ||     7
       Unarmed           |       |       |    24 |    10 ||    34
Throw: Tomahawk          |       |     1 |       |       ||     1
 Cast: Infusion          |     6 |     1 |       |       ||     7
       Shroud of Golubri |     1 |     3 |     6 |     1 ||    11
       Spectral Weapon   |       |     7 |    23 |     3 ||    33
       Regeneration      |       |     2 |     1 |     1 ||     4
       Apportation       |       |       |    43 |     2 ||    45
       Animate Skeleton  |       |       |     1 |       ||     1
       Song of Slaying   |       |       |     1 |       ||     1
Evoke: Wand              |       |       |     8 |       ||     8
  Use: Scroll            |     2 |     5 |     4 |     8 ||    19
       Potion            |       |     4 |     3 |     1 ||     8
 Stab: Sleeping          |     1 |       |     6 |     1 ||     8
       Distracted        |     1 |       |     2 |       ||     3
       Paralysed         |       |       |     1 |       ||     1
       Betrayed ally     |       |       |     1 |       ||     1
  Eat: Ration            |       |     1 |     1 |       ||     2
Armor: Leather armour    |     3 |     9 |    24 |       ||    36
       Skin              |       |       |    14 |     4 ||    18
       Troll leather arm |       |       |     7 |     2 ||     9
Dodge: Dodged            |    23 |    49 |   119 |     7 ||   198

Table legend:
 A = Turns spent in this place as a percentage of turns spent in the entire game.
 B = Non-inter-level travel turns spent in this place as a percentage of non-inter-level travel turns spent in the entire game.
 C = Inter-level travel turns spent in this place as a percentage of turns spent in this place.
 D = Turns resting spent in this place as a percentage of non-inter-level travel turns spent in this place.
 E = Turns spent auto-exploring this place as a percentage of non-inter-level travel turns spent in this place.
 F = Non-inter-level travel turns spent in this place divided by the number of levels of this place that you've seen.
                   A       B       C       D       E      F
               +-------+-------+-------+-------+-------+----------------------
         Total | 100.0 | 100.0 |   2.5 |   0.0 |   0.0 | 188.8
       Dungeon |  70.6 |  70.2 |   3.1 |   0.0 |   0.0 | 180.6
        Temple |   2.8 |   2.5 |  12.2 |   0.0 |   0.0 |  72.0
     Labyrinth |  19.3 |  19.8 |   0.0 |   0.0 |   0.0 | 562.0
         Sewer |   0.1 |   0.1 |   0.0 |   0.0 |   0.0 |   4.0
       Ossuary |   7.1 |   7.3 |   0.0 |   0.0 |   0.0 | 207.0
               +-------+-------+-------+-------+-------+----------------------

Table legend:
 A = Kills in this place as a percentage of kills in entire the game.
 B = Kills by you in this place as a percentage of kills by you in the entire game.
 C = Kills by friends in this place as a percentage of kills by friends in the entire game.
 D = Other kills in this place as a percentage of other kills in the entire game.
 E = Experience gained in this place as a percentage of experience gained in the entire game.
 F = Experience gained in this place divided by the number of levels of this place that you have seen.
                   A       B       C       D       E      F
               +-------+-------+-------+-------+-------+----------------------
         Total | 100.0 | 100.0 | 100.0 |   N/A | 100.0 | 379.3
       Dungeon |  94.6 |  94.2 | 100.0 |   N/A |  90.6 | 468.8
     Labyrinth |   1.8 |   1.9 |   0.0 |   N/A |   8.1 | 462.0
       Ossuary |   3.6 |   3.8 |   0.0 |   N/A |   1.2 |  70.0
               +-------+-------+-------+-------+-------+----------------------

Vault maps used:
D:1:      ncdulo_lavacross
D:2:      nicolae_overflow_crystal_walls, uniq_natasha, uniq_sigmund
D:3:      bloody_trog, first_ration
D:4:      kennysheep_big_empty_room, minmay_misc_feat_encased
D:5:      gammafunk_temple_overflow_wave, enter_ossuary_3,
          gup_sewer_entry_bubbles, basic_altar, amethyst_killhole
D:6:      minmay_temple_entry_glass
D:7:      makhleb_blood_cavern_becter, yredelemnul_altar_generic,
          grunt_ogre_cave, uniq_duvessa
D:9:      enter_bailey_2
D:10:     orc_0_dummy, serial_shops, nicolae_shop_statue_plus,
          nicolae_shop_competitors_out_of_business, kennysheep_mini_moat,
          uniq_harold
D:11:     minmay_lair_entry_grove, lab_entry_generic
Temple:   nicolae_temple_elliptical
Lab:      nicolae_lab_dead_adventurers, nicolae_lab_x, labyrinth_fake_exit
Sewer:    sewer_co_tree
Ossuary:  ossuary_crypta
